 Dungeon Crawl Stone Soup version 0.31.0-12-g77e489cdc1 (webtiles) character file.

Game seed: 14629462405897210586

39 melchizedek the Grave Robber (level 3, 0/24 HPs)
             Began as a Mummy Necromancer on Feb 23, 2024.
             Slain by a black bear (6 damage)
             ... on level 2 of the Dungeon.
             The game lasted 00:06:20 (929 turns).

melchizedek the Grave Robber (Mummy Necromancer)     Turns: 929, Time: 00:06:23

Health: 0/24       AC:  2    Str: 11    XL:     3   Next: 26%
Magic:  4/7        EV: 12    Int: 16    God:
Gold:   91         SH:  0    Dex: 12    Spells: 7/8 levels left

rFire   x . .        e - +0 mace
rCold   + . .        (no shield)
rNeg    + + +        a - +0 robe
rPois   ∞            (no helmet)
rElec   .            (no cloak)
rCorr   +            (no gloves)
SInv    .            (no boots)
Will    .....        i - amulet of the acrobat
Stlth   +            d - ring of resist corrosion
HPRegen 0.24/turn    (no ring)
MPRegen 0.10/turn

%: acrobat, faith
@: silenced
A: cold resistance 1, negative energy resistance 3, torment resistance 2, heat
vulnerability 1, in touch with death 1, no potions, faith
a: no special abilities


You were on level 2 of the Dungeon.
You visited 1 branch of the dungeon, and saw 2 of its levels.

You collected 91 gold pieces.

Inventory:

Hand Weapons
 e - a +0 mace (weapon)
 g - a +0 dagger
Missiles
 b - 14 stones
Armour
 a - a +0 robe (worn)
Jewellery
 d - a ring of resist corrosion (left hand)
 i - an amulet of the acrobat (around neck)


   Skills:
 + Level 1.6 Dodging
 + Level 1.6 Stealth
 + Level 3.4 Spellcasting
 + Level 4.7 Necromancy


You had 7 spell levels left.
You knew the following spells:

 Your Spells              Type           Power      Damage    Failure   Level
a - Necrotise             Necr           100%       1d9       2%          1

Your spell library contained the following spells:

 Spells                   Type           Power      Damage    Failure   Level
 Vampiric Draining        Necr           26%        2d7       8%          3
 Animate Dead             Necr           26%        N/A       26%         4
 Curse of Agony           Necr           26%        N/A       56%         5


Dungeon Overview and Level Annotations

Branches:
Dungeon (2/15)

Altars:


Innate Abilities, Weirdness & Mutations

You are immune to poison.
Your flesh is cold resistant. (rC+)
You are immune to negative energy. (rN+++)
You are immune to unholy pain and torment.
You are vulnerable to heat. (rF-)
You are in touch with the powers of death.
You do not drink.
You have a special connection with the divine. (Faith)


Message History

The endoplasm attacks as it pursues you!
The endoplasm completely misses you.
The endoplasm attacks as it pursues you!
The endoplasm completely misses you.
The endoplasm attacks as it pursues you!
The endoplasm completely misses you.
The endoplasm attacks as it pursues you!
The endoplasm misses you.
The black bear looks more healthy.
The endoplasm attacks as it pursues you!
The endoplasm misses you.
The black bear attacks as it pursues you!
The black bear misses you. The black bear closely misses you. x2
You are too injured to fight recklessly!
The black bear rages.
The black bear attacks as it pursues you!
The black bear completely misses you. x2; The black bear misses you.
The black bear closely misses you. The black bear claws you.
The black bear misses you.
The black bear rages.
The black bear attacks as it pursues you!
The black bear barely misses you. The black bear closely misses you.
The black bear claws you.
* * * LOW HITPOINT WARNING * * *
There is an open door here.
You cannot cast spells when silenced!
Magic scrolls do not work when you're silenced!
You cannot cast spells when silenced!
Throw: dart (curare)
Press: ? - help, Shift-Dir - straight line, f/p - black bear
Aim: a black bear (silenced, almost dead, berserk, unaffected by silence, 61% to hit)
You throw a curare-tipped dart.
The curare-tipped dart barely misses the black bear.
The curare-tipped dart hits the endoplasm.
The black bear bites you.
* * * LOW HITPOINT WARNING * * *
The black bear claws you but does no damage.
The black bear closely misses you. The black bear barely misses you.
The black bear claws you.
You die...

..>..###.......##.##
...................#
.....###......######
##. #......#
+......# #...†..#
#.J....# #.h....#
##@##### #<# ###


You could see a black bear (berserk, unsilenced) and an endoplasm (unsilenced).

Vanquished Creatures
  2 dart slugs
  3 ball pythons
  6 endoplasms
  A giant cockroach (D:1)
  3 goblins (D:1)
  3 hobgoblins (D:1)
  2 jackals (D:1)
  2 bats (D:1)
  A frilled lizard (D:1)
  A kobold (D:1)
  4 rats (D:1)
28 creatures vanquished.

Vanquished Creatures (collateral kills)
  A jackal (D:1)
  2 ball pythons (D:1)
3 creatures vanquished.

Grand Total: 31 creatures vanquished

Notes
Turn   | Place    | Note
-------+----------+-------------------------------------------
     0 | D:1      | melchizedek the Mummy Necromancer began the quest for the
                  | Orb.
     0 | D:1      | Reached XP level 1. HP: 13/13 MP: 4/4
   195 | D:1      | Reached XP level 2. HP: 19/19 MP: 3/5
   653 | D:1      | Reached XP level 3. HP: 24/24 MP: 3/7
   886 | D:2      | Noticed a black bear
   929 | D:2      | Slain by a black bear

Illustrated notes

Levels and vault maps discovered:
D:1:      onia_arrival_mini_maze, layout_rooms
D:2:      layout_basic, serial_aquarium, aquarium_bridge_island_small
          [aquarium_subvault_small_water, aquarium_subvault_bridge,
          aquarium_subvault_window, aquarium_subvault_balcony,
          aquarium_subvault_balcony], aquarium_bridge_straight
          [aquarium_subvault_bridge, aquarium_subvault_wall,
          aquarium_subvault_bridge, aquarium_subvault_wall], aquarium_window_1,
          aquarium_window_corridor_3, aquarium_view_2c

Skill      XL: |  1  2 |
---------------+-------+-----
Spellcasting   | 3 |  3.4
Dodging        | |  1.6
Stealth        | |  1.6
Necromancy     | |  4.7

Action                     || total
---------------------------++-------
  Melee: Mace              ||     1
  Throw: Dart              ||     2
   Cast: Necrotise         ||    48
    Use: Scroll            ||     2
 Armour: Robe              ||    14
  Dodge: Dodged            ||    31
